 Dungeon Crawl Stone Soup version 0.30.0-17-ge0270778cf (webtiles) character file.

Game seed: 4239319772818635375

6853 bmack86 the Severer (level 10, 0/86 HPs)
             Began as a Minotaur Fighter on May 22, 2023.
             Was a Priest of Okawaru.
             Killed from afar by a steam dragon (13 damage)
             ... with a ball of steam
             ... on level 9 of the Dungeon.
             The game lasted 00:25:29 (6947 turns).

bmack86 the Severer (Minotaur Fighter)              Turns: 6947, Time: 00:25:29

Health: 0/86       AC: 23    Str: 31    XL:     10   Next: 78%
Magic:  13/14      EV:  9    Int:  5    God:    Okawaru [***...]
Gold:   412        SH:  5    Dex: 10    Spells: 9/9 levels left

rFire   . . .        K - +2 war axe (pain)
rCold   . . .        p - +0 buckler {rN+}
rNeg    + . .        k - +0 plate armour
rPois   .            b - +2 hat {Stlth+}
rElec   .            i - +1 cloak {Stlth+}
rCorr   .            (no gloves)
SInv    .            g - +0 pair of boots
Will    .....        (no amulet) Stlth
                     r - +4 ring of protection
HPRegen 0.34/turn    w - +6 ring of strength
MPRegen 0.14/turn

%: no passive effects
@: heroic, studying Shields
A: horns 2, retaliatory headbutt
a: Renounce Religion, Heroism


You were on level 9 of the Dungeon.
You worshipped Okawaru.
Okawaru was most pleased with you.
You visited 2 branches of the dungeon, and saw 10 of its levels.

You collected 477 gold pieces.
You spent 65 gold pieces at shops.

Inventory:

Hand Weapons
 a - a +1 war axe of protection
 K - a +2 war axe of pain (weapon)
Missiles
 o - 13 poisoned darts (quivered)
 v - 2 boomerangs
Armour
 b - a +2 hat of stealth (worn)
 c - a +0 buckler
 g - a +0 pair of boots (worn)
 i - a +1 cloak of stealth (worn)
 k - a +0 plate armour (worn)
 p - a +0 buckler of positive energy (worn)
Jewellery
 r - a +4 ring of protection (left hand)
 u - a ring of positive energy
 w - a +6 ring of strength (right hand)
Wands
 e - a wand of roots (6)
 z - a wand of polymorph (29)
 A - a wand of flame (13)
 D - a wand of paralysis (11)
 E - a wand of digging (4)
Scrolls
 f - 3 scrolls of poison
 l - 3 scrolls of teleportation
 n - 3 scrolls of fog
 q - a scroll of enchant weapon
 y - 3 scrolls of fear
 G - 2 scrolls of magic mapping {unknown}
 L - a scroll of identify
 M - a scroll of summoning {unknown}
Potions
 d - 2 potions of might
 h - a potion of cancellation
 j - 7 potions of curing
 m - a potion of resistance
 s - a potion of haste
 t - 3 potions of degeneration
 x - 4 potions of lignification
 B - 2 potions of ambrosia
 C - a potion of flight
 F - a potion of attraction
 H - 2 potions of brilliance
 I - a potion of mutation {unknown}
 J - a potion of heal wounds


   Skills:
 * Level 7.5(12.5) Fighting
 - Level 16.4(21.4) Axes
 - Level 1.1(6.1) Throwing
 - Level 3.6(8.6) Armour
 - Level 3.6(8.6) Shields
 + Level 6.7 Invocations


You had 9 spell levels left.
You didn't know any spells.
Your spell library contained the following spells:

 Spells                   Type           Power      Damage    Failure   Level
 Kiss of Death            Conj/Necr      0%         2d5       99%         1
 Blink                    Tloc           0%         N/A       100%        2
 Lesser Beckoning         Tloc           0%         N/A       100%        2
 Confusing Touch          Hex            0%         N/A       100%        3
 Dazzling Flash           Conj/Hex       0%         N/A       100%        3
 Dispel Undead            Necr           0%         3d6       100%        4
 Manifold Assault         Tloc           0%         N/A       100%        4
 Olgreb's Toxic Radiance  Pois           0%         N/A       100%        4
 Passage of Golubria      Tloc           0%         N/A       100%        4
 Agony                    Necr           0%         N/A       100%        5
 Silence                  Hex/Air        0%         N/A       100%        5
 Eringya's Noxious Bog    Tmut/Pois      0%         N/A       100%        6
 Storm Form               Tmut/Air       0%         N/A       100%        7


Dungeon Overview and Level Annotations

Branches:
Dungeon (9/15)             Temple (1/1) D:4
   Lair: D:8-11         Orc: D:9-12

Altars:
Ashenzari
Cheibriados
Elyvilon
Fedhas
Gozag
Hepliaklqana
Kikubaaqudgha
Makhleb
Okawaru
Qazlal
Ru
Sif Muna
Trog
Uskayaw
Vehumet
Xom
Yredelemnul
Zin
The Shining One

Shops:
D:5 *   D:6 ==(??!   D:8 (!(


Innate Abilities, Weirdness & Mutations

You have a pair of horns on your head.
You reflexively headbutt those who attack you in melee.


Message History

You headbutt the steam dragon.
The steam dragon claws you but does no damage.
The yak is engulfed in a cloud of scalding steam.
The yak gores you but does no damage.
You slash the steam dragon! You headbutt the steam dragon!
The steam dragon is almost dead.
You hit the yak.
You hit the steam dragon but do no damage.
You are engulfed in a cloud of scalding steam.
You slash the steam dragon!
You kill the steam dragon!
Okawaru accepts your kill.
You hit the steam dragon. You hit the yak.
You are engulfed in a cloud of scalding steam.
You block the steam dragon's attack. The steam dragon closely misses you.
The yak is engulfed in a cloud of scalding steam.
The yak gores you but does no damage.
You slash the yak!
The yak is severely wounded.
You closely miss the steam dragon.
You are engulfed in a cloud of scalding steam.
The steam dragon breathes steam at you.
The ball of steam hits you but does no damage.
The yak gores you!
* * * LOW HITPOINT WARNING * * *
You hit the yak.
The yak is severely wounded.
You hit the steam dragon. The steam dragon closely misses you.
The steam dragon claws you but does no damage.
The yak gores you but does no damage.
You slice the yak!!
You kill the yak!
Okawaru accepts your kill.
You closely miss the steam dragon.
Unknown command.
You hit the steam dragon.
The steam dragon is almost dead.
The steam dragon breathes steam at you. The ball of steam hits you!
You die...

#### ##.# ###
### ...# #.#
..##.. #..##.#
....# #..#.#
### ...#
####...# ..##
..# #.....##
#$$##.###.#####
#D)#.#...#
#@#...###
#..#§#..#
#.##$#..#
..##)§#..#
###$)?##..#
....### ...#
$## ...# ...##


You could see a steam dragon (catching breath).

Vanquished Creatures
  2 two-headed ogres
  Maurice (D:8)
  Maggie (D:8)
  Psyche (D:8)
  A troll (D:9)
  A shadow (D:9)
  A wyvern (D:9)
  Eustachio (D:4)
  2 yaks (D:9)
  A steam dragon (D:9)
  The ghost of Esekla the Vexing, an amateur DsEn (D:5)
  Menkaure (D:7)
  An acid dragon (D:8)
  4 water moccasins
  4 orc warriors
  A sky beast (D:7)
  An ice beast (D:6)
  3 black bears
  3 ogres
  5 centaurs
  3 phantoms
  2 kobold brigands
  2 scorpions
  2 howler monkeys (D:7)
  4 jellies
  A bullfrog zombie (D:5)
  2 orc priests
  2 gnoll boudas
  2 hounds
  A scorpion zombie (D:5)
  4 iguanas
  6 orc wizards
  21 gnolls
  3 adders
  2 white imps (D:5)
  An ufetubus (D:4)
  5 worms
  2 dart slugs
  16 orcs
  6 endoplasms
  3 giant cockroaches
  5 goblins
  3 hobgoblins
  7 jackals
  2 quokkas
  2 ball pythons
  11 bats
  4 frilled lizards
  8 kobolds
  7 rats
175 creatures vanquished.

Vanquished Creatures (others)
  An orc wizard (D:9)
1 creature vanquished.

Grand Total: 176 creatures vanquished

Notes
Turn   | Place    | Note
-------+----------+-------------------------------------------
     0 | D:1      | bmack86 the Minotaur Fighter began the quest for the Orb.
     0 | D:1      | Reached XP level 1. HP: 19/19 MP: 0/0
   117 | D:1      | Reached skill level 3 in Axes
   132 | D:1      | Reached XP level 2. HP: 24/26 MP: 1/1
   273 | D:1      | Reached skill level 4 in Axes
   645 | D:1      | Reached XP level 3. HP: 31/31 MP: 2/2
   965 | D:2      | Reached skill level 5 in Axes
  1114 | D:2      | Reached XP level 4. HP: 26/39 MP: 3/3
  1132 | D:2      | Reached skill level 1 in Throwing
  1394 | D:2      | Found a basalt altar of Yredelemnul.
  1582 | D:2      | Reached skill level 6 in Axes
  1772 | D:3      | Reached XP level 5. HP: 29/45 MP: 4/4
  1945 | D:3      | Found a hide-covered altar of Uskayaw.
  2129 | D:3      | Reached skill level 7 in Axes
  2339 | D:3      | Found a faded altar of an unknown god.
  2503 | D:4      | Identified a scroll of acquirement
  2503 | D:4      | Acquired a +2 hat of stealth
  2551 | D:4      | Noticed a phantom
  2558 | D:4      | Reached XP level 6. HP: 41/51 MP: 5/5
  2563 | D:4      | Reached skill level 8 in Axes
  2610 | D:4      | Reached skill level 9 in Axes
  2610 | D:4      | Reached XP level 7. HP: 50/57 MP: 6/6
  2657 | D:4      | Noticed Eustachio
  2704 | D:4      | Killed Eustachio
  2755 | D:4      | Reached skill level 10 in Axes
  2756 | D:4      | You fall into a shaft and drop 3 floors!
  2776 | D:6      | Found a glowing silver altar of Zin.
  2854 | D:6      | Reached skill level 11 in Axes
  2854 | D:6      | Reached XP level 8. HP: 64/64 MP: 7/7
  2955 | D:5      | Entered Level 5 of the Dungeon
  3031 | D:5      | Reached skill level 12 in Axes
  3065 | D:5      | Found a glowing golden altar of the Shining One.
  3159 | D:5      | Found a runed translucent gate.
  3159 | D:5      | Found a runed translucent gate.
  3159 | D:5      | Found a runed translucent gate.
  3159 | D:5      | Noticed Esekla's ghost (amateur DsEn)
  3161 | D:5      | Found a basalt altar of Yredelemnul.
  3715 | D:4      | Found a sacrificial altar of Ru.
  3797 | D:4      | Found a staircase to the Ecumenical Temple.
  3803 | Temple   | Entered the Ecumenical Temple
  3810 | Temple   | Became a worshipper of Warmaster Okawaru
  3900 | D:4      | Found an opulent altar of Gozag.
  3981 | D:4      | Acquired a manual of Shields
  3992 | D:5      | Found Norasy's Gadget Gallery.
  4490 | D:5      | Killed Esekla's ghost
  4491 | D:5      | Reached skill level 13 in Axes
  4579 | D:6      | Found Modavvya's Distillery.
  4584 | D:6      | Found Affon's Antique Weapon Boutique.
  4584 | D:6      | Found Xaigu's Magic Scroll Boutique.
  4584 | D:6      | Found Fosumni's Jewellery Shop.
  4590 | D:6      | Found Udghulio's Magic Scroll Shop.
  4590 | D:6      | Found Gotwiost's Jewellery Boutique.
  4791 | D:6      | Reached XP level 9. HP: 70/70 MP: 8/8
  4861 | D:6      | Found a stormy altar of Qazlal.
  5024 | D:7      | Reached skill level 14 in Axes
  5024 | D:7      | Reached skill level 1 in Invocations
  5032 | D:7      | Reached * piety under Okawaru
  5245 | D:7      | Found an ancient bone altar of Kikubaaqudgha.
  5313 | D:7      | Found a shimmering altar of Xom.
  5322 | D:7      | Found a shimmering blue altar of Sif Muna.
  5619 | D:7      | Noticed Menkaure
  5627 | D:7      | Killed Menkaure
  5813 | D:8      | Reached skill level 15 in Axes
  5902 | D:8      | Found a burning altar of Makhleb.
  5903 | D:8      | Noticed Maurice
  5925 | D:8      | Killed Maurice
  5997 | D:8      | Noticed a two-headed ogre
  6011 | D:8      | Killed a two-headed ogre
  6011 | D:8      | Reached ** piety under Okawaru
  6012 | D:8      | Reached XP level 10. HP: 58/77 MP: 9/12
  6138 | D:8      | Noticed Psyche
  6155 | D:8      | Paralysed by something for 3 turns
  6161 | D:8      | Killed Psyche
  6162 | D:8      | Reached skill level 16 in Axes
  6292 | D:8      | Found Qiqumyut's Distillery.
  6304 | D:8      | Bought a potion of heal wounds for 65 gold pieces
  6307 | D:8      | Found Zicoirr's Weapon Shop.
  6331 | D:8      | Found Ivery's Weapon Boutique.
  6366 | D:8      | Noticed Maggie
  6379 | D:8      | Reached skill level 5 in Invocations
  6383 | D:8      | Killed Maggie
  6916 | D:9      | Reached *** piety under Okawaru
  6917 | D:9      | Reached skill level 5 in Fighting
  6920 | D:9      | Noticed a two-headed ogre
  6930 | D:9      | Killed a two-headed ogre
  6947 | D:9      | Killed from afar by a steam dragon

Illustrated notes

Levels and vault maps discovered:
D:1:      lemuel_arrival_hallway, layout_basic
D:2:      layout_rooms, basic_altar, dreamdust_mushroom_princess
D:3:      layout_basic, eat_drink_and_be_merry_uskayaw,
          dilly_ecumenical_altar_fadedgnrine
D:4:      layout_loops_ring, nicolae_ru_path_of_blood,
          nicolae_gozag_cash_rules_everything_around_me,
          minmay_temple_entry_hall, minmay_close_crescents, uniq_eustachio
D:5:      layout_gridville, nicolae_yredelemnul_ghost_church, marbit_many_paths,
          nicolae_shop_gadgets
D:6:      layout_gridville, nicolae_qazlal_eye_of_the_storm, zin_statuary,
          grunt_decor_cap, nicolae_shop_national_dungeon_mall
D:7:      layout_basic, mainiacjoe_overflow_swirl, old_standard_altar,
          uniq_menkaure
D:8:      layout_gridville, lemuel_round_altar, serial_shops,
          nicolae_shop_tiny_glass, nicolae_square_shop, shop, uniq_maurice,
          uniq_psyche, uniq_maggie
D:9:      layout_layer_cave, jmf_multi_god_temple2, hangedman_decor_peaks_small,
          minmay_alternating_orb
Temple:   hellmonk_temple_micro_hex

Skill      XL: |  1  2  3  4  5  6  7  8  9 10 |
---------------+-------------------------------+-----
Axes           | 3 4 5 6 7 9 11 13 15 16 | 16.4
Throwing       | 1 |  1.1
Invocations    | 4 6 |  6.7
Fighting       | 7 |  7.5
Armour         | |  3.6
Shields        | |  3.6

Action                     |  1- 3 |  4- 6 |  7- 9 | 10-12 || total
---------------------------+-------+-------+-------+-------++-------
  Melee: War axe           |    70 |    98 |   231 |    89 ||   488
         Headbutt          |     8 |    10 |    52 |    21 ||    91
         Unarmed           |       |       |     8 |       ||     8
 Invoke: Heroism           |       |       |     1 |     2 ||     3
    Use: Scroll            |       |    13 |     8 |     2 ||    23
         Potion            |       |       |       |     2 ||     2
 Armour: Scale mail        |    25 |       |       |       ||    25
         Plate armour      |    38 |    92 |   170 |    57 ||   357
         Skin              |       |       |     1 |       ||     1
  Dodge: Dodged            |    28 |    53 |    98 |    17 ||   196
  Block: Buckler           |    16 |    23 |    49 |    19 ||   107
